 Dungeon Crawl Stone Soup version 0.28-a0-503-g83f2989fac (webtiles) character file.

Game seed: 7195324963379109424

40 bande the Covered (level 3, -4/23 HPs)
             Began as a Gargoyle Fighter on Sept 21, 2021.
             Slain by Sigmund (17 damage)
             ... on level 2 of the Dungeon.
             The game lasted 00:02:16 (1423 turns).

bande the Covered (Gargoyle Fighter)                Turns: 1423, Time: 00:02:16

Health: -4/23      AC: 10    Str: 20    XL:     3   Next: 50%
Magic:  3/3        EV:  9    Int:  8    God:
Gold:   57         SH:  4    Dex:  9    Spells: 2/2 levels left

rFire   . . .      SeeInvis .   a - +0 war axe (venom)
rCold   . . .      Faith    .   c - +0 buckler
rNeg    + . .      Spirit   .   b - +0 scale mail
rPois   ∞          Reflect  .   (no helmet)
rElec   +          Harm     .   (no cloak)
rCorr   .          Rampage  .   (no gloves)
Will    .....                   (no boots)
Stlth   ..........              (no amulet)
HPRegen 0.07/turn               (no ring)
MPRegen 0.08/turn               (no ring)

@: no status effects
A: sickness immunity, AC +3, negative energy resistance 1, electricity
resistance, torment resistance 1, petrification resistance
a: no special abilities


You were on level 2 of the Dungeon.
You visited 1 branch of the dungeon, and saw 2 of its levels.

You collected 57 gold pieces.

Inventory:

Hand Weapons
 a - a +0 war axe of venom (weapon)
Armour
 b - a +0 scale mail (worn)
 c - a +0 buckler (worn)
 g - a +1 ring mail of cold resistance
Scrolls
 e - a scroll of teleportation {unknown}
 f - a scroll of enchant armour {unknown}
Potions
 d - a potion of might


   Skills:
 + Level 3.5 Fighting
 + Level 2.3 Axes
 + Level 3.8 Armour
 + Level 3.7 Shields


You had 2 spell levels left.
You didn't know any spells.
Your spell library contained the following spells:

 Spells                   Type           Power      Damage    Failure   Level
 Freeze                   Ice            0%         1d3       77%         1
 Frozen Ramparts          Ice            0%         1d2       98%         3
 Hailstorm                Conj/Ice       0%         3d3       100%        4


Dungeon Overview and Level Annotations

Branches:
Dungeon (2/15)

Altars:

Annotations:
D:2 Sigmund


Innate Abilities, Weirdness & Mutations

You are immune to sickness and miasma.
Your stone body is resilient. (AC +3)
You are immune to poison.
You resist negative energy. (rN+)
You are resistant to electric shocks. (rElec)
You are resistant to unholy torment.
You are immune to petrification.


Message History

You closely miss the adder. The adder barely misses you. x2
You closely miss the adder. The adder bites you but does no damage.
You completely miss the adder. The adder closely misses you. x2
You closely miss the adder. The adder barely misses you. x2
You miss the adder. The adder barely misses you.
The adder completely misses you.
You slash the adder!
The adder is poisoned.
The adder is severely wounded.
The adder bites you. The adder bites you but does no damage.
You closely miss the adder.
The adder is severely wounded.
You kill the adder!
No target in view!
No target in view!
No target in view!
No target in view!
No target in view!
There is a stone staircase leading up here.
Found an escape hatch in the ceiling.
Found a stone staircase leading down.
e - a scroll labelled ALOTAU RIXKINU
f - a scroll labelled POWNIMP DAEKK A kobold and Sigmund come into view.
Sigmund is wielding a +0 scythe of flaming.
Sigmund shouts!
The kobold shouts!
Sigmund points at you and mumbles some strange words.
You resist with significant effort. Sigmund gestures at you while chanting.
The puff of flame hits you!
You hit the kobold.
You kill the kobold!
Sigmund screams, "Only death can liberate you!"
You block Sigmund's attack.
Things that are here:
a +0 dagger; 3 stones You barely miss Sigmund.
Sigmund drinks a potion.
Sigmund seems to grow stronger.
Sigmund closely misses you.
You completely miss Sigmund.
Sigmund hits you with a +0 scythe of flaming!
Ouch! That really hurt!
You die...

#..........#####.##.#
#...#...
#..........##....#>.#
#.###...
#..........#.....#..#
# #...
#...................#
#...
###########...........
#..... #...........#
#.#...
##......###.#...#...
###.....## ..# #...
#...@....# #...
........@...... .
............###
.....#......#
.....##...### .....
..### .... ### ...


You could see Sigmund (strong).

Vanquished Creatures
  An adder (D:2)
  A worm (D:2)
  2 dart slugs
  A ball python (D:1)
  2 endoplasms
  2 goblins (D:1)
  3 hobgoblins (D:1)
  5 bats (D:1)
  4 frilled lizards
  5 kobolds
26 creatures vanquished.

Notes
Turn   | Place    | Note
-------+----------+-------------------------------------------
     0 | D:1      | bande the Gargoyle Fighter began the quest for the Orb.
     0 | D:1      | Reached XP level 1. HP: 14/14 MP: 1/1
     2 | D:1      | Noticed a vampire
     2 | D:1      | Noticed a spriggan
     4 | D:1      | Noticed a human
     4 | D:1      | Noticed an ogre
     8 | D:1      | Noticed a ghoul
    10 | D:1      | Noticed a demonspawn
    12 | D:1      | Noticed a tengu
    12 | D:1      | Noticed a troll
    14 | D:1      | Noticed an octopode
    14 | D:1      | Noticed a draconian
    16 | D:1      | Noticed an elf
    16 | D:1      | Noticed a formicid
    18 | D:1      | Noticed a demigod
    18 | D:1      | Noticed a dwarf
    20 | D:1      | Noticed a vine stalker
    20 | D:1      | Noticed a gargoyle
    22 | D:1      | Noticed a felid
    22 | D:1      | Noticed a naga
    24 | D:1      | Noticed a minotaur
    24 | D:1      | Noticed a merfolk
   364 | D:1      | Reached XP level 2. HP: 19/19 MP: 2/2
  1253 | D:2      | Reached XP level 3. HP: 23/23 MP: 3/3
  1416 | D:2      | Noticed Sigmund
  1423 | D:2      | Slain by Sigmund

Illustrated notes

Levels and vault maps discovered:
D:1:      kb_arrival_jail, layout_basic
D:2:      layout_rooms, uniq_sigmund

Skill      XL: |  1 |
---------------+----+-----
Axes           | 2 |  2.3
Fighting       | |  3.5
Armour         | |  3.8
Shields        | |  3.7

Action                   || total
-------------------------++-------
Melee: War axe           ||    93
  Use: Scroll            ||     2
       Potion            ||     2
Armor: Scale mail        ||    50
Dodge: Dodged            ||    45
Block: Buckler           ||    25

Table legend: (Time is in decaauts)
 A = Elapsed time spent in this place.
 B = Non-inter-level travel time spent in this place.
 C = Inter-level travel time spent in this place.
 D = Time resting spent in this place.
 E = Time spent auto-exploring this place.
 F = Levels seen in this place.
 G = Mean time per level.
                   A        B        C        D        E       F      G
               +--------+--------+--------+--------+--------+-----+--------+
         Total |   1447 |   1447 |      0 |      0 |   1191 |   2 |  723.5 |
       Dungeon |   1447 |   1447 |      0 |      0 |   1191 |   2 |  723.5 |
               +--------+--------+--------+--------+--------+-----+--------+

Top non-repeatable levels by time:
     D:1: 1187 daAuts
     D:2: 259 daAuts
